 Dungeon Crawl Stone Soup version 0.20.0-4-g10b340a (webtiles) character file.

14270 Chiseanne the Prestidigitator (level 11, -2/46 HPs)
             Began as a Deep Elf Arcane Marksman on May 28, 2017.
             Was a High Priest of Nemelex Xobeh.
             Killed from afar by a wretched star (11 damage)
             ... with an orb of energy
             ... on level 1 of the Abyss.
             The game lasted 00:49:59 (15503 turns).

Chiseanne the Prestidigitator (DEAM)               Turns: 15503, Time: 00:50:00

Health: -2/46      AC:  8    Str:  9 (10) XL:     11   Next: 86%
Magic:  31/31      EV: 17    Int: 18      God:    Nemelex Xobeh [*****.]
Gold:   705        SH: 15    Dex: 15      Spells: 19/22 levels left

rFire    . . .     SeeInvis .   a - +4 spear (venom)
rCold    + . .     Gourm    .   p - +1 shield
rNeg     . . .     Faith    .   S - +2 robe {rC+}
rPois    .         Spirit   .   n - +0 hat {Int+3}
rElec    .         Reflect  +   K - +2 cloak
rCorr    .         Harm     .   M - +0 pair of gloves
MR       +....                  (no boots)
Stlth    +.........             g - +4 amulet of reflection
Regen    0.0/turn               e - ring of magical power
MPRegen  0.3/turn               (no ring)

@: about to teleport
A: [deterioration 2], [dopey 2], [frail 3], [inhibited regeneration]
a: Triple Draw, Deal Four, Stack Five, Renounce Religion


You were on level 1 of the Abyss.
You worshipped Nemelex Xobeh.
Nemelex Xobeh was extremely pleased with you.
You were hungry.

You visited 1 branch of the dungeon, and saw 12 of its levels.
You visited the Abyss 1 time.
You also visited: Ossuary.

You collected 754 gold pieces.
You spent 49 gold pieces at shops.

Inventory:

Hand Weapons
 a - a +4 spear of venom (weapon)
 d - a +0 flail of protection
 s - a +2 whip of freezing
 w - a +0 blowgun
Missiles
 c - 6 javelins (quivered)
 l - 21 sling bullets
 o - 140 bolts
 D - 26 poisoned needles
Armour
 n - a +0 hat of intelligence (worn)
 p - a +1 shield (worn)
 K - a +2 cloak (worn)
 L - a +2 robe of the Archmagi
 M - a +0 pair of gloves (worn)
 S - a +2 robe of cold resistance (worn)
Jewellery
 e - a ring of magical power (left hand)
 g - a +4 amulet of reflection (around neck)
 P - an uncursed ring of ice
Wands
 r - a wand of paralysis (0/24)
 R - a wand of digging (18/24)
Scrolls
 i - 2 scrolls of amnesia
 q - a scroll of teleportation
 y - a scroll of blinking
 F - 5 scrolls of remove curse
 G - 3 scrolls of immolation
 J - 2 scrolls of magic mapping
 O - a scroll of fog
 U - 3 scrolls of identify
Potions
 j - a potion of cancellation
 m - 3 potions of lignification
 u - a potion of agility
 v - 4 potions of ambrosia
 x - 3 potions of haste
 B - 3 potions of magic
 H - 3 potions of resistance
 I - a potion of flight
Books
 b - a book of Debilitation

   Spells                             Type                      Level
   a - Corona                         Hexes                        1
   b - Slow                           Hexes                        2
   c - Inner Flame                    Hexes/Fire                   3
   d - Portal Projectile              Hexes/Translocation          3
   e - Cause Fear                     Hexes                        4
   f - Leda's Liquefaction            Hexes/Earth                  4
 C - a book of Transfigurations

   Spells                             Type                      Level
   a - Irradiate                      Conjuration/Transmutation    5
   b - Statue Form                    Transmutation/Earth          6
   c - Hydra Form                     Transmutation                6
   d - Dragon Form                    Transmutation                7
 N - a book of Flames

   Spells                             Type                      Level
   a - Flame Tongue                   Conjuration/Fire             1
   b - Throw Flame                    Conjuration/Fire             2
   c - Conjure Flame                  Conjuration/Fire             3
   d - Inner Flame                    Hexes/Fire                   3
   e - Sticky Flame                   Conjuration/Fire             4
   f - Fireball                       Conjuration/Fire             5
Miscellaneous
 t - a plain deck of escape {god gift}
 V - a plain deck of escape {god gift}
Comestibles
 f - 9 bread rations
 h - 4 meat rations
 A - 11 royal jellies
 E - 6 fruits


   Skills:
 - Level 7.2 Fighting
 - Level 2.6 Throwing
 - Level 5.0 Armour
 * Level 9.9 Dodging
 * Level 8.0 Shields
 * Level 6.4 Spellcasting
 - Level 4.0 Hexes
 * Level 10.0 Evocations


You had 19 spell levels left.
You knew the following spells:

 Your Spells              Type           Power        Failure   Level  Hunger
a - Corona                Hex            ###....      5%          1    None
b - Slow                  Hex            ###.....     9%          2    None


Dungeon Overview and Level Annotations

Branches:
Dungeon (12/15)            Temple (0/1) D:4            Lair (0/6) D:10
    Orc (0/2) D:11

Altars:
Ashenzari
Dithmenos
Kikubaaqudgha
Makhleb
Nemelex Xobeh
Okawaru
Qazlal
Sif Muna
Uskayaw
Vehumet
Zin

Shops:
D:5 [


Innate Abilities, Weirdness & Mutations

[Your body often deteriorates upon taking damage.]
[You are very dopey. (Int -4)]
[You are extremely frail. (-30% HP)]
[You do not regenerate when monsters are visible.]


Message History

The small abomination is moderately damaged.
Chiseanne's illusion hits the small abomination but does no damage.
The small abomination hits you!
* * * LOW HITPOINT WARNING * * *
Your body deteriorates!
You feel weakened.
Chiseanne's illusion casts a spell at the small abomination.
The small abomination resists with significant effort.
You swap places.
A wretched star comes into view.
Something closely misses Chiseanne's illusion.
The wretched star pulses with an eldritch light!
You feel frail.
As you read the scroll of teleportation, it crumbles to dust.
You feel strangely unstable.
You feel the power of the Abyss delaying your translocation!
Something misses Chiseanne's illusion.
The wretched star glows turbulently.
The orb of energy hits you!
You die...
Your body glows slightly and disappears.

# .# #### .# #
#..# ..# #.
#..##.# .
#.###.@..#*##..
#...x#@....... .#
. #..#§....##...#
.
###..#§#....#...
.#..###..##...###
# .
........##..### .
##.... .
####......### .
.#### ...#...#..
.# .. .# #
....#.#...#.#.##.
.. .# ..
.#....#..#.## . .
N# #


You could see a wretched star and the friendly Chiseanne's illusion.

Vanquished Creatures
  A two-headed ogre (D:10)
  An unseen horror (D:11)
  Pikel (D:6)
  A centaur zombie (D:11)
  2 trolls
  A blink frog (Abyss:1)
  2 hornets (D:8)
  A hippogriff (D:11)
  Sigmund (D:5)
  2 wyverns (D:8)
  4 humans (D:10)
  A soldier ant (D:8)
  A black bear (D:9)
  4 ice beasts
  4 sky beasts
  2 necrophages
  2 slaves (D:6)
  3 phantoms
  4 ogres
  A centaur (D:8)
  2 big kobolds
  A crocodile (D:8)
  6 bullfrogs
  4 scorpions
  10 killer bees
  3 wights (D:7)
  3 howler monkeys (D:8)
  3 crimson imps
  3 jellies
  3 hounds (D:4)
  Crazy Yiuf (D:6)
  2 orc priests (D:7)
  4 bullfrog skeletons
  4 iguanas
  6 orc wizards
  11 worker ants
  A killer bee zombie (D:8)
  4 big kobold zombies (Ossuary)
  4 hound skeletons
  A howler monkey zombie (D:10)
  A worker ant zombie (D:5)
  9 gnolls
  7 adders
  3 shadow imps
  An adder skeleton (D:4)
  7 adder zombies
  3 worms
  3 dart slugs (D:3)
  2 leopard geckos
  11 orcs
  A ball python (D:2)
  8 bats
  3 giant cockroaches
  7 goblins
  9 hobgoblins
  13 kobolds
  3 quokkas
  5 frilled lizards
  A gnoll zombie (Ossuary)
  3 hobgoblin zombies (Ossuary)
  A jackal skeleton (D:4)
  7 kobold zombies (Ossuary)
  A leopard gecko skeleton (D:3)
  3 orc zombies (Ossuary)
  12 rats
  A plant (D:10)
240 creatures vanquished.

Vanquished Creatures (collateral kills)
  Gastronok (D:11)
  A hydra (D:11)
  A two-headed ogre (D:11)
  The ghost of Shimatora the Severer, a novice HOFi of Uskayaw (D:8)
  A wretched star (Abyss:1)
  2 ugly things (D:11)
  A cyclops (D:11)
  A salamander (shapeshifter) (D:10)
  A manticore (D:11)
  3 hippogriffs
  A wraith (D:10)
  A wyvern (D:11)
  A human (D:10)
  A chaos spawn (Abyss:1)
  3 orc warriors
  A phantom (D:9)
  A necrophage (D:11)
  A hornet zombie (D:11)
  An eye of draining (D:11)
  6 ogres (D:11)
  A big kobold (D:11)
  2 gnoll sergeants (D:11)
  2 bullfrogs (D:11)
  A small abomination (Abyss:1)
  A crimson imp (D:11)
  2 orc wizards
  A bullfrog skeleton (D:11)
  An iguana (D:11)
  2 mummies (Ossuary)
  A gnoll (D:11)
  A shadow imp (D:11)
  A white imp (Abyss:1)
  An ooze (D:4)
  A leopard gecko (D:3)
  9 orcs
  2 jackals (D:11)
59 creatures vanquished.

Vanquished Creatures (others)
  Fannar (D:10)
  An orc warrior (D:7)
  A centaur (D:7)
  A bullfrog (D:12)
  A wight (D:7)
  3 gnolls (D:12)
  3 ball lightnings (D:7)
  An orc (D:7)
  A giant cockroach (D:7)
  2 kobolds (D:7)
  2 plants (D:10)
17 creatures vanquished.

Grand Total: 316 creatures vanquished

Notes
Turn   | Place    | Note
-------+----------+-------------------------------------------
     0 | D:1      | Chiseanne the Deep Elf Arcane Marksman began the quest for the Orb.
     0 | D:1      | Reached XP level 1. HP: 11/11 MP: 5/5
    53 | D:1      | Reached skill level 1 in Fighting
   273 | D:1      | Found a sparkling altar of Nemelex Xobeh.
   277 | D:1      | Became a worshipper of Nemelex Xobeh the Trickster
   292 | D:1      | Reached XP level 2. HP: 16/16 MP: 6/6
   412 | D:1      | Received a gift from Nemelex Xobeh
  1456 | D:1      | Reached XP level 3. HP: 12/20 MP: 7/7
  1724 | D:2      | Learned a level 2 spell: Slow
  1770 | D:2      | Received a gift from Nemelex Xobeh
  1952 | D:2      | Reached * piety under Nemelex Xobeh
  2282 | D:2      | Reached skill level 1 in Armour
  2462 | D:2      | Reached XP level 4. HP: 22/26 MP: 8/8
  2573 | D:3      | Found a shattered altar of Ashenzari.
  2648 | D:3      | Received a gift from Nemelex Xobeh
  2741 | D:3      | Found a radiant altar of Vehumet.
  2741 | D:3      | Found an iron altar of Okawaru.
  2741 | D:3      | Found a deep blue altar of Sif Muna.
  2788 | D:3      | Reached skill level 1 in Evocations
  2788 | D:3      | Reached XP level 5. HP: 22/30 MP: 9/9
  3552 | D:4      | Reached ** piety under Nemelex Xobeh
  3555 | D:4      | Found a staircase to the Ecumenical Temple.
  3564 | D:4      | Reached skill level 2 in Evocations
  3565 | D:4      | Reached skill level 1 in Shields
  3565 | D:4      | Reached XP level 6. HP: 36/36 MP: 10/10
  3594 | D:4      | Found a stormy altar of Qazlal.
  3842 | D:4      | Noticed an air elemental
  3842 | D:4      | Noticed a water elemental
  3842 | D:4      | Noticed a fire elemental
  3872 | D:4      | Received a gift from Nemelex Xobeh
  3930 | D:4      | Reached skill level 3 in Evocations
  3951 | D:4      | Found a sand-covered staircase.
  3956 | Ossuary  | Entered an ossuary
  4895 | D:4      | Reached XP level 7. HP: 41/41 MP: 11/11
  4989 | D:4      | Found a shadowy altar of Dithmenos.
  5264 | D:5      | Entered Level 5 of the Dungeon
  5282 | D:5      | Found Gygrit's Armour Emporium.
  5285 | D:5      | Bought a cursed +0 shield for 49 gold pieces
  5314 | D:5      | Noticed Sigmund
  5338 | D:5      | Killed Sigmund
  5355 | D:5      | Found a glowing silver altar of Zin.
  5361 | D:5      | Found a burning altar of Makhleb.
  5361 | D:5      | Found a hide-covered altar of Uskayaw.
  5362 | D:5      | Found an ancient bone altar of Kikubaaqudgha.
  5530 | D:5      | Reached XP level 8. HP: 13/48 MP: 12/12
  6276 | D:6      | Noticed Pikel
  6328 | D:6      | Killed Pikel
  6328 | D:6      | Reached skill level 4 in Evocations
  6494 | D:6      | Found a runed door.
  6514 | D:6      | Reached skill level 5 in Fighting
  6514 | D:6      | Reached skill level 5 in Evocations
  6679 | D:6      | Noticed Crazy Yiuf
  6689 | D:6      | Killed Crazy Yiuf
  6823 | D:7      | Reached XP level 9. HP: 24/54 MP: 14/14
  7220 | D:7      | Received a gift from Nemelex Xobeh
  7727 | D:7      | Reached skill level 5 in Armour
  7736 | D:7      | Got an ancient robe
  7819 | D:7      | Identified the cursed -5 robe of Misfortune {-Cast *Contam *Tele *Drain EV-5 Stlth-- *Curse} (You found it on level 7 of the Dungeon)
  8166 | D:7      | Reached skill level 6 in Evocations
  8255 | D:8      | Reached skill level 5 in Shields
  8483 | D:8      | Reached *** piety under Nemelex Xobeh
  8497 | D:8      | Noticed Shimatora's ghost (novice HOFi)
  8827 | D:8      | Reached skill level 5 in Dodging
  9275 | D:8      | Received a gift from Nemelex Xobeh
  9404 | D:8      | Killed Shimatora's ghost
  9436 | D:8      | Reached XP level 10. HP: 60/60 MP: 17/17
  9547 | D:8      | Reached skill level 7 in Evocations
 10557 | D:9      | Received a gift from Nemelex Xobeh
 10682 | D:9      | Reached **** piety under Nemelex Xobeh
 11188 | D:10     | Entered Level 10 of the Dungeon
 11425 | D:10     | Received a gift from Nemelex Xobeh
 11454 | D:10     | Reached skill level 8 in Evocations
 11488 | D:10     | Noticed a two-headed ogre
 11498 | D:10     | Killed a two-headed ogre
 11507 | D:10     | Noticed Fannar
 11515 | D:10     | Killed Fannar
 11868 | D:10     | Reached XP level 11. HP: 38/67 MP: 19/19
 12055 | D:10     | Found a staircase to the Lair.
 13137 | D:11     | Reached ***** piety under Nemelex Xobeh
 13137 | D:11     | Received a gift from Nemelex Xobeh
 13231 | D:11     | Reached skill level 9 in Evocations
 13565 | D:11     | Found a staircase to the Orcish Mines.
 13585 | D:11     | Noticed a two-headed ogre
 13597 | D:11     | Killed a two-headed ogre
 13652 | D:11     | Received a gift from Nemelex Xobeh
 13843 | D:11     | Noticed a white ugly thing
 13863 | D:11     | Killed a white ugly thing
 13931 | D:11     | Killed an unseen horror
 13931 | D:11     | Reached skill level 5 in Spellcasting
 14458 | D:11     | Noticed a four-headed hydra
 14475 | D:11     | Killed a four-headed hydra
 14491 | D:11     | Noticed Gastronok
 14500 | D:11     | Noticed a cyan ugly thing
 14518 | D:11     | Killed Gastronok
 14521 | D:11     | Killed a cyan ugly thing
 15054 | D:12     | Noticed a white ugly thing
 15065 | D:12     | Cast into level 1 of the Abyss (drawing a card)
 15065 | Abyss:1  | Received a gift from Nemelex Xobeh
 15092 | Abyss:1  | Noticed a hell hog
 15092 | Abyss:1  | Noticed a hell hog
 15215 | Abyss:1  | Noticed a thrashing horror
 15216 | Abyss:1  | Noticed a bone dragon
 15448 | Abyss:1  | Noticed a wretched star
 15463 | Abyss:1  | Killed a wretched star
 15463 | Abyss:1  | Reached skill level 10 in Evocations
 15502 | Abyss:1  | Noticed a wretched star
 15503 | Abyss:1  | Killed from afar by a wretched star

Skill      XL: |  1  2  3  4  5  6  7  8  9 10 11 |
---------------+----------------------------------+-----
Fighting       | 1 2 3 4 5 6 7 |  7.2
Dodging        | 3 4 5 8 9 |  9.9
Armour         | 1 2 3 4 5 |  5.0
Evocations     | 1 2 3 5 6 8 10 | 10.0
Shields        | 1 3 4 5 6 8 |  8.0
Spellcasting   | 6 |  6.4
Throwing       | |  2.6
Hexes          | |  4.0

Action                   |  1- 3 |  4- 6 |  7- 9 | 10-12 || total
-------------------------+-------+-------+-------+-------++-------
Melee: Short sword       |    97 |       |       |       ||    97
       Spear             |    34 |   280 |   385 |   398 ||  1097
       Unarmed           |       |       |     1 |       ||     1
Throw: Javelin           |     7 |     3 |    31 |    16 ||    57
       Throwing net      |       |       |     2 |       ||     2
 Cast: Slow              |       |       |       |     2 ||     2
       Corona            |       |       |       |     2 ||     2
Evoke: Wand              |     3 |     3 |    18 |    30 ||    54
       Deck              |       |    12 |    20 |    36 ||    68
       Sack of spiders   |       |       |       |     3 ||     3
  Use: Scroll            |     5 |     7 |     8 |     8 ||    28
       Potion            |       |       |     2 |     7 ||     9
 Stab: Paralysed         |       |       |    15 |    38 ||    53
  Eat: Chunk             |     5 |     5 |     9 |    16 ||    35
       Fruit             |       |     7 |     3 |     4 ||    14
Armor: Ring mail         |    44 |    68 |    71 |       ||   183
       Robe              |     1 |       |    27 |    79 ||   107
Dodge: Dodged            |    76 |   113 |   117 |   157 ||   463
Block: Buckler           |       |    88 |    14 |       ||   102
       Reflection        |       |     1 |     7 |     2 ||    10
       Shield            |       |       |   217 |   248 ||   465
